Map: Data-C

Players

DrCongLock - Winner!

  • Race: Protoss Protoss
  • League: Diamond
  • Spawn Location: 3:00

ShipRiteMike

  • Race: Zerg Zerg
  • League: Diamond
  • Spawn Location: 9:00

VOD

Have the link to the VOD?

Description

Time

  • Played on: Nov. 7, 2022, 3:22 a.m.
  • Length: 12:30
Show
View Real Time Build Order
Export as new Build Order

DrCongLock Protoss - Winner!

Build Orders: Carriers 

Get SALT Encoding   

  12  0:02  Probe  
  13  0:14  Probe  
  14  0:21  Pylon  
  14  0:26  Probe  
  15  0:39  Probe  
  16  0:45  Gateway  
  16  0:51  Probe  
  17  0:58  Forge  
  17  1:37  Pylon  
  17  1:40  Pylon  
  17  1:42  Pylon  
  17  1:43  Pylon  
  17  1:56  Photon Cannon  
  17  1:59  Gateway  
  17  2:01  Photon Cannon  
  17  2:07  Probe  
  18  2:12  Pylon  
  18  2:15  Zealot  
  20  2:19  Probe  
  20  2:21  Cybernetics Core  
  21  2:31  Probe, Assimilator  
  21  2:33  Assimilator  
  22  2:41  Pylon  
  22  2:44  Pylon  
  22  2:50  Pylon  
  21  2:54  Pylon  
  21  2:56  Pylon  
  21  3:00  Photon Cannon  
  21  3:05  Zealot (Chrono Boost)  
  21  3:06  Probe  
  24  3:18  Probe  
  25  3:30  Probe, Nexus  
  26  3:38  Photon Cannon  
  26  3:43  Probe (Chrono Boost)  
  27  3:50  Photon Cannon  
  27  3:55  Probe (Chrono Boost)  
  28  3:58  Pylon  
  28  4:02  Probe (Chrono Boost)  
  29  4:09  Probe  
  28  4:20  Stargate  
  28  4:21  Probe (Chrono Boost)  
  29  4:34  Probe (Chrono Boost)  
  30  4:40  Probe (Chrono Boost)  
  30  4:42  Assimilator  
  30  4:43  Probe (Chrono Boost)  
  32  4:48  Probe (Chrono Boost)  
  33  4:53  Assimilator  
  33  4:56  Probe (Chrono Boost)  
  35  5:00  Probe (Chrono Boost)  
  35  5:04  Oracle (Chrono Boost)  
  35  5:06  Probe (Chrono Boost)  
  37  5:08  Probe (Chrono Boost)  
  37  5:11  Probe (Chrono Boost)  
  41  5:14  Probe (Chrono Boost)  
  41  5:20  Probe  
  43  5:26  Pylon, Probe  
  43  5:27  Pylon  
  44  5:32  Probe  
  49  5:38  Probe  
  49  5:40  Void Ray (Chrono Boost)  
  50  5:44  Probe  
  50  5:48  Pylon  
  51  5:50  Probe  
  51  5:51  Twilight Council  
  52  6:03  Stargate  
  52  6:09  Probe x2  
  51  6:13  Assimilator  
  55  6:20  Void Ray (Chrono Boost)  
  55  6:21  Probe x2  
  55  6:23  Protoss Air Weapons Level 1  
  57  6:28  Adept  
  57  6:29  Pylon  
  59  6:33  Probe  
  59  6:35  Probe  
  59  6:36  Pylon, Shield Battery  
  61  6:45  Probe  
  62  6:50  Nexus  
  70  6:54  Void Ray x2 (Chrono Boost)  
  70  6:57  Probe  
  70  6:59  Probe  
  72  7:10  Probe  
  72  7:12  Photon Cannon  
  72  7:13  Pylon  
  72  7:14  Probe  
  74  7:28  Probe  
  83  7:32  Probe, Void Ray x2  
  83  7:35  Shield Battery  
  84  7:39  Pylon  
  84  7:40  Probe  
  86  7:52  Probe (Chrono Boost)  
  86  7:53  Probe (Chrono Boost)  
  86  7:57  Photon Cannon  
  87  8:00  Twilight Council  
  87  8:04  Fleet Beacon  
  87  8:05  Probe (Chrono Boost)  
  89  8:07  Probe (Chrono Boost)  
  89  8:09  Pylon, Probe (Chrono Boost), Assimilator  
  90  8:14  Probe  
  90  8:17  Assimilator  
  90  8:19  Probe, Protoss Shields Level 1  
  92  8:27  Probe  
  93  8:31  Probe  
  98  8:58  Probe  
  98  8:59  Void Ray  
  98  9:02  Probe  
  100  9:04  Stargate  
  100  9:08  Photon Cannon  
  100  9:10  Probe, Shield Battery  
  100  9:12  Photon Cannon  
  100  9:14  Photon Cannon, Probe  
  98  9:33  Pylon  
  98  9:35  Probe  
  98  9:36  Pylon  
  99  9:40  Pylon  
  99  9:41  Probe  
  112  9:46  Carrier x2 (Chrono Boost), Cybernetics Core  
  112  9:47  Protoss Air Weapons Level 2 (Chrono Boost)  
  112  9:48  Probe  
  113  9:53  Pylon  
  113  9:54  Probe  
  113  9:55  Gateway  
  113  9:56  Gateway  
  113  9:58  Gateway  
  113  9:59  Gateway  
  114  10:00  Probe, Carrier (Chrono Boost)  
  114  10:05  Pylon, Nexus  
  114  10:07  Charge (Chrono Boost)  
  121  10:19  Gateway  
  121  10:21  Gateway  
  121  10:22  Templar Archives  
  121  10:27  Pylon  
  121  10:39  Warp Gate (Chrono Boost), Stargate  
  121  10:44  Probe x2  
  121  10:46  Psionic Storm  
  121  10:48  Photon Cannon  
  121  10:49  Photon Cannon  
  123  10:50  Photon Cannon, Shield Battery  
  123  10:52  Assimilator  
  123  10:53  Photon Cannon  
  129  10:59  Assimilator  
  129  11:02  Carrier (Chrono Boost)  
  135  11:07  Carrier (Chrono Boost)  
  141  11:25  Carrier (Chrono Boost)  
  141  11:27  Carrier (Chrono Boost)  
  147  11:55  Pylon  
  147  11:56  Pylon  
  147  11:57  Shield Battery  
  147  11:59  Photon Cannon x2  
  153  12:05  Zealot  
  153  12:06  Zealot x6  
  173  12:28  Dark Shrine  
Show
View Real Time Build Order
Export as new Build Order

ShipRiteMike Zerg 

Build Orders: Hatch First 

Get SALT Encoding   

  12  0:00  Drone  
  13  0:12  Overlord  
  13  0:21  Drone  
  14  0:30  Drone x2  
  16  0:51  Hatchery  
  16  0:54  Drone  
  16  0:57  Drone  
  16  1:00  Drone  
  18  1:07  Extractor  
  19  1:18  Drone x2  
  19  1:35  Drone  
  20  1:40  Spawning Pool  
  20  1:43  Drone  
  20  1:49  Drone  
  22  2:09  Hatchery  
  22  2:12  Drone  
  22  2:19  Extractor  
  21  2:23  Hatchery  
  21  2:26  Drone x2  
  22  2:33  Roach Warren  
  21  2:37  Drone  
  22  3:02  Overlord  
  22  3:03  Overlord  
  23  3:20  Queen  
  23  3:25  Drone x2  
  27  3:32  Roach  
  29  3:37  Drone x2  
  31  3:44  Spore Crawler  
  31  3:48  Zergling x4, Spine Crawler  
  31  4:01  Roach  
  31  4:02  Roach  
  34  4:10  Zergling x4, Spine Crawler  
  33  4:25  Hatchery  
  33  4:27  Drone x2  
  34  4:35  Drone x2  
  36  4:42  Drone x2  
  36  4:45  Queen  
  40  4:50  Spore Crawler  
  40  4:51  Hatchery  
  39  4:52  Drone  
  39  5:03  Drone x3  
  39  5:04  Drone  
  43  5:10  Spore Crawler  
  43  5:13  Drone  
  43  5:14  Drone  
  42  5:19  Drone  
  42  5:26  Drone  
  43  5:45  Drone x6  
  49  6:09  Drone x7  
  55  6:24  Lair  
  55  6:28  Hatchery, Spore Crawler  
  55  6:31  Spore Crawler  
  55  6:32  Drone x3  
  55  6:34  Spore Crawler  
  54  6:41  Overlord x4  
  54  6:45  Spore Crawler  
  53  6:49  Spine Crawler  
  52  6:59  Queen x2  
  58  7:09  Drone x10  
  68  7:22  Spore Crawler  
  67  7:24  Queen  
  67  7:33  Roach  
  67  7:34  Roach x5  
  67  7:36  Overlord x2  
  79  7:39  Queen  
  79  7:43  Spore Crawler  
  80  7:53  Queen  
  80  7:54  Drone x3  
  85  7:59  Spore Crawler  
  85  8:00  Queen  
  86  8:10  Roach  
  86  8:11  Roach x3  
  94  8:24  Drone  
  94  8:26  Overlord x4  
  95  8:32  Nydus Network  
  85  8:59  Roach x15  
  85  9:00  Roach x3  
  121  9:08  Queen  
  122  9:13  Queen, Spore Crawler  
  121  9:18  Queen  
  107  9:38  Ravager x5  
  107  9:39  Ravager x11  
  122  9:47  Spore Crawler  
  122  9:50  Overseer  
  122  9:51  Overseer x2  
  121  10:35  Hatchery  
  120  10:43  Hatchery  
  119  10:50  Hatchery  
  119  10:51  Overlord x7  
  118  11:08  Queen x2  
  122  11:13  Roach x7  
  136  11:21  Nydus Canal  
  136  11:42  Drone x6  
  136  11:43  Drone x4  
  136  11:44  Queen x2  
Tags
 
Composition
Carriers
Matchup
PvZ
Spawn Locations
Cross Positions
Add a new tag
Caveats
  • Supply blocks, unpowered buildings, or Contaminate may cause inaccurate times.
  • Supply counts are checked every 10 seconds.